 Dungeon Crawl Stone Soup version 0.16.2-12-gd0ad4c3 (webtiles) character file.

226 dvd the Sneak (level 6, 0/42 HPs)
             Began as an Octopode Monk on Nov 1, 2015.
             Slain by a hippogriff (10 damage)
             ... on level 4 of the Dungeon.
             The game lasted 00:10:09 (3048 turns).

dvd the Sneak (Octopode Monk)                       Turns: 3048, Time: 00:10:10

Health: 0/42       AC:  1    Str: 11    XL:     6   Next: 1%
Magic:  6/6        EV: 14    Int: 13    God:
Gold:   116        SH:  0    Dex: 15    Spells: 0 memorised, 5 levels left

rFire  . . .     SeeInvis .       - Unarmed
rCold  . . .     Clarity  .     (no shield)
rNeg   . . .     SustAb   .     (helmet restricted)
rPois  .         Gourm    .     (no amulet)
rElec  .         Spirit   .     (no ring)
rCorr  .         Warding  .     (no ring)
rMut   .         Stasis   .     (no ring)
MR     .....                    (no ring)
Stlth  ++++......               (no ring)
                                (no ring)
                                (no ring)
                                (no ring)

@: not resistant to hostile enchantments, stealthy
A: almost no armour, amphibious, 8 rings, constrict 8, camouflage 1, gelatinous
body 1
a: no special abilities


You were on level 4 of the Dungeon.
You were hungry.

You visited 1 branch of the dungeon, and saw 4 of its levels.

You collected 116 gold pieces.

Inventory:

Hand weapons
 o - a +2 mace of pain
Missiles
 a - 22 sling bullets
 k - 3 tomahawks (quivered)
Scrolls
 c - a scroll of noise {unknown}
 e - 6 scrolls of identify {unknown}
 j - 3 scrolls of enchant armour {unknown}
 l - 2 scrolls of immolation {unknown}
 m - a scroll of recharging {unknown}
 p - 2 scrolls of remove curse {unknown}
 q - 2 scrolls of fog {unknown}
 t - 2 scrolls of teleportation {unknown}
 x - a scroll of random uselessness {unknown}
Potions
 d - 3 potions of agility {unknown}
 f - 4 potions of haste {unknown}
 h - a potion of heal wounds {unknown}
 i - a potion of cancellation {unknown}
 n - 3 potions of curing
 r - a potion of restore abilities {unknown}
 s - a potion of ambrosia {unknown}
 v - 2 potions of brilliance {unknown}
 z - a potion of degeneration {unknown}
Comestibles
 b - 2 bread rations
 g - 3 meat rations
 u - 2 beef jerkies
 w - 2 royal jellies
 A - a chunk of flesh


   Skills:
 + Level 3.4 Fighting
 + Level 2.6 Throwing
 + Level 3.6 Dodging
 + Level 4.9 Stealth
 + Level 4.8 Unarmed Combat


You had 5 spell levels left.
You didn't know any spells.

Dungeon Overview and Level Annotations

Branches:
Dungeon (4/15)
 Temple: D:4-7

Altars:
Fedhas
Qazlal
Ru
Xom


Innate Abilities, Weirdness & Mutations

You cannot wear most types of armour.
You are amphibious.
You can wear up to eight rings at the same time.
You can use your tentacles to constrict many enemies at once.
Your skin changes colour to match your surroundings (Stealth).
Your rubbery body absorbs attacks (AC +1).


Message History

You tentacle-slap the hippogriff but do no damage.
The hippogriff is heavily wounded.
The hippogriff completely misses you. The hippogriff pecks you!
The hippogriff misses you.
You completely miss the hippogriff.
The hippogriff is heavily wounded.
You barely miss the hippogriff.
The hippogriff is heavily wounded.
The hippogriff closely misses you. The hippogriff pecks you.
The hippogriff barely misses you.
You barely miss the hippogriff.
The hippogriff is heavily wounded.
The hippogriff barely misses you. The hippogriff closely misses you.
The hippogriff claws you.
* * * LOW HITPOINT WARNING * * *
The kobold shouts!
You tentacle-slap the hippogriff. You squeeze the hippogriff.
The hippogriff is severely wounded.
The hippogriff bites you!
You die...

## ######## #. #......# #.
#......# #. #......# #. .
##......# #.#########..#
........# #.@.#........#
....^...# ###H#........#
........# #(#........##
...##############(#.......>..
..## #.............H.......
..# #...............Z.K#. ..#
#..................# ..#
#...........K......#
..######..)...............#


You could see a hippogriff and a kobold.

Vanquished Creatures
  A black bear (D:4)
  An orc priest (D:3)
  2 adders
  A giant mite (D:2)
  2 worms
  2 giant geckos
  3 orcs (D:3)
  2 ball pythons
  13 hobgoblins
  5 kobolds
  A quokka (D:2)
  7 bats
  3 giant cockroaches
  5 giant newts
  8 goblins
  A jackal skeleton (D:4)
  7 rats
64 creatures vanquished.

Notes
Turn   | Place    | Note
--------------------------------------------------------------
     0 | D:1      | dvd, the Octopode Monk, began the quest for the Orb.
     0 | D:1      | Reached XP level 1. HP: 16/16 MP: 1/1
   236 | D:1      | Reached XP level 2. HP: 21/21 MP: 2/2
   872 | D:2      | Reached XP level 3. HP: 24/26 MP: 3/3
  1411 | D:2      | Found a stormy altar of Qazlal.
  1414 | D:2      | Found a blossoming altar of Fedhas.
  1460 | D:2      | Reached XP level 4. HP: 27/31 MP: 4/4
  1665 | D:2      | Found a sacrificial altar of Ru.
  1806 | D:3      | Reached skill level 1 in Throwing
  2371 | D:3      | Found a shimmering altar of Xom.
  2413 | D:3      | Reached XP level 5. HP: 12/36 MP: 5/5
  2753 | D:4      | Noticed a black bear
  2764 | D:4      | Killed a black bear
  2924 | D:4      | Reached XP level 6. HP: 36/42 MP: 6/6
  3029 | D:4      | Noticed a hippogriff
  3048 | D:4      | Slain by a hippogriff

Action                   |  1- 3 |  4- 6 || total
-------------------------+-------+-------++-------
Melee: Unarmed           |    82 |    46 ||   128
Throw: Tomahawk          |    23 |    34 ||    57
  Use: Potion            |       |     2 ||     2
 Stab: Sleeping          |     7 |     3 ||    10
       Distracted        |     1 |       ||     1
  Eat: Chunk             |     2 |     4 ||     6
